 Dungeon Crawl Stone Soup version 0.29.1-2-gbd0b4ee654 (webtiles) character file.

Game seed: 5765078673457634965

33 zeram the Sneak (level 3, -2/21 HPs)
             Began as an Octopode Enchanter on Nov 13, 2022.
             Frozen to death by an endoplasm (5 damage)
             ... on level 2 of the Dungeon.
             The game lasted 00:02:17 (1131 turns).

zeram the Sneak (Octopode Enchanter)                Turns: 1131, Time: 00:02:20

Health: -2/21      AC:  1    Str:  7    XL:     3   Next: 29%
Magic:  6/6        EV: 13    Int: 19    God:
Gold:   67         SH:  0    Dex: 12    Spells: 4/6 levels left

rFire   . . .      SeeInvis .   a - +1 dagger
rCold   . . .      Faith    .   (no shield)
rNeg    . . .      Spirit   .   (helmet restricted)
rPois   .          Reflect  .   (no amulet)
rElec   .          Harm     .   (no ring)
rCorr   .          Rampage  .   (no ring)
Will    .....                   (no ring)
Stlth   +++++.....              (no ring)
HPRegen 0.07/turn               (no ring)
MPRegen 0.10/turn               (no ring)
                                (no ring)
                                (no ring)

@: no status effects
A: almost no armour, amphibious, 8 rings, camouflage 1, gelatinous body 1,
nimble swimmer 1, tentacles
a: no special abilities


You were on level 2 of the Dungeon.
You visited 1 branch of the dungeon, and saw 2 of its levels.

You collected 67 gold pieces.

Inventory:

Hand Weapons
 a - a +1 dagger (weapon)
Jewellery
 f - a ring of protection from cold
Potions
 b - 2 potions of invisibility
 d - 2 potions of curing {unknown}
 e - 2 potions of might
 g - a potion of lignification {unknown}


   Skills:
 + Level 1.0 Short Blades
 + Level 2.2 Dodging
 + Level 4.7 Stealth
 + Level 2.1 Spellcasting
 + Level 3.6 Hexes


You had 4 spell levels left.
You knew the following spells:

 Your Spells              Type           Power      Damage    Failure   Level
a - Ensorcelled Hibernat  Hex/Ice        16%        N/A       12%         2

Your spell library contained the following spells:

 Spells                   Type           Power      Damage    Failure   Level
 Confusing Touch          Hex            15%        N/A       11%         3
 Tukima's Dance           Hex            15%        N/A       11%         3
 Dazzling Flash           Conj/Hex       16%        N/A       24%         3


Dungeon Overview and Level Annotations

Branches:
Dungeon (2/15)

Altars:


Innate Abilities, Weirdness & Mutations

You cannot wear most types of armour.
You are amphibious.
You can wear up to eight rings at the same time.
Your skin changes colour to match your surroundings (Stealth+).
Your rubbery body absorbs attacks. (AC +1, EV +1)
You are camouflaged when in or above water. (Stealth+)
You have tentacles for arms and can constrict up to eight enemies at once.


Message History

There are monsters nearby!
You hit the jackal. Your grab misses the jackal.
The jackal is heavily wounded.
The jackal closely misses you. The kobold misses you.
You hit the jackal but do no damage. Your grab misses the jackal.
The jackal is heavily wounded.
The jackal bites you. x2; The kobold misses you.
You hit the jackal but do no damage. You grab the jackal.
The jackal is heavily wounded.
You constrict the jackal. The jackal barely misses you.
The kobold closely misses you.
The endoplasm jiggles.
You barely miss the jackal.
The jackal is severely wounded.
You constrict the jackal, but do no damage.
The jackal closely misses you. The jackal barely misses you.
The kobold misses you.
You hit the jackal.
The jackal is almost dead.
You constrict the jackal.
You kill the jackal!
The endoplasm closely misses you. The kobold hits you with a +0 whip.
You are too injured to fight recklessly!
You are too injured to fight recklessly!
Unknown command.
You are too injured to fight recklessly!
You are too injured to fight recklessly!
Unknown command.
The endoplasm attacks as you move away! The endoplasm hits you.
* * * LOW HITPOINT WARNING * * *
The kobold hits you with a +0 whip.
* * * LOW HITPOINT WARNING * * *
Unknown command.
As you read the scroll labelled BEHICZ MOXZUL, it crumbles to dust.
You hear a loud clanging noise!
It was a scroll of noise.
You hear a shout!
The endoplasm freezes you.
You are frozen.
You die...

########## #.........
#.......$. # )#.#
#......... ###.#.#
#......... ... #.#
#.J†...... ..# #.#
#?JK~~~.... ..# #.#
#.@###~.... ..# #.#
#.~≈≈≈~.... ..###.#
#.~≈#≈~.... ......####
#.~≈# ~.... ......†..#
#.~≈#≈≈.... .........#
##≈≈≈≈~....
##.......#######≈###≈....
#.......##....#~≈≈≈~....
#.......##......####....


You could see 2 endoplasms and a kobold.

Vanquished Creatures
  An adder (D:2)
  4 endoplasms
  2 goblins (D:1)
  2 hobgoblins (D:1)
  3 jackals (D:2)
  A quokka (D:1)
  2 bats (D:1)
  2 frilled lizards (D:1)
  3 kobolds (D:1)
  2 rats
22 creatures vanquished.

Notes
Turn   | Place    | Note
-------+----------+-------------------------------------------
     0 | D:1      | zeram the Octopode Enchanter began the quest for the Orb.
     0 | D:1      | Reached XP level 1. HP: 11/11 MP: 3/3
   191 | D:1      | Reached XP level 2. HP: 17/17 MP: 5/5
   943 | D:2      | Reached XP level 3. HP: 21/21 MP: 6/6
   946 | D:2      | Learned a level 2 spell: Ensorcelled Hibernation
  1131 | D:2      | Frozen to death by an endoplasm

Illustrated notes

Levels and vault maps discovered:
D:1:      grunt_arrival_lava_bath, layout_loops_corners
D:2:      layout_basic, hellmonk_ecumenical_altar_blasted, minmay_crystal_water

Action                   || total
-------------------------++-------
Melee: Dagger            ||    31
       Constrict         ||     7
       Tentacles         ||     4
  Use: Scroll            ||     2
 Stab: Sleeping          ||    12
Dodge: Dodged            ||    19
